 Dungeon Crawl Stone Soup version 0.31.0-11-ge490571c62 (webtiles) character file.

Game seed: 16364318588115052647

60 hawla the Chopper (level 3, -1/33 HPs)
             Began as a Minotaur Berserker on Jan 30, 2024.
             Was a Believer of Trog.
             Incinerated by a bombardier beetle (6 damage)
             ... with a burning spray
             ... on level 2 of the Dungeon.
             The game lasted 00:04:10 (1370 turns).

hawla the Chopper (Minotaur Berserker)              Turns: 1370, Time: 00:04:10

Health: -1/33      AC: 11    Str: 21 (23) XL:     3   Next: 80%
Magic:  2/2        EV:  6    Int:  1 (4)  God:    Trog [**....]
Gold:   47         SH:  0    Dex:  8 (9)  Spells: 2/2 levels left

rFire   . . .        i - +1 war axe (vamp)
rCold   . . .        (no shield)
rNeg    . . .        g - +0 plate armour
rPois   .            (helmet restricted)
rElec   .            (no cloak)
rCorr   .            (no gloves)
SInv    .            (no boots)
Will    .....        (no amulet) Stlth
                     f - ring of flight
HPRegen 0.25/turn    (no ring)
MPRegen 0.08/turn

%: no passive effects
@: on fire, flying, glowing
A: horns 2, retaliatory headbutt
a: Renounce Religion, Berserk, Trog's Hand


You were on level 2 of the Dungeon.
You worshipped Trog.
Trog was pleased with you.
You visited 1 branch of the dungeon, and saw 2 of its levels.

You collected 47 gold pieces.

Inventory:

Hand Weapons
 i - a +1 vampiric war axe (weapon)
Armour
 g - a +0 plate armour (worn)
Jewellery
 f - a ring of flight (left hand)
Scrolls
 a - 3 scrolls of butterflies {unknown}
Potions
 b - a potion of attraction {unknown}
 c - a potion of curing {unknown}
 e - a potion of haste {unknown}


   Skills:
 - Level 4.0 Fighting
 + Level 4.4 Axes
 + Level 3.7 Armour
 - Level 2.6 Dodging


You had 2 spell levels left.
You didn't know any spells.
Your spell library was empty.

Dungeon Overview and Level Annotations

Branches:
Dungeon (2/15)

Altars:


Innate Abilities, Weirdness & Mutations

You have a pair of horns on your head.
You reflexively headbutt those who attack you in melee.


Message History

The bombardier beetle sprays incendiary fluid at you.
The burning spray hits you.
You are covered in liquid fire!
Unknown command.
You shake off some of the fire as you move.
The liquid fire burns you!
The gnoll unwields the +8 sling of Loop Zyt {flame, rCorr Dex+3 Stlth+}.
It stops flaming.
The gnoll wields a +0 whip.
The gnoll barely misses you. You furiously retaliate!
You headbutt the gnoll!
You kill the gnoll!
Trog accepts your kill.
You barely miss the frilled lizard. You hit the bombardier beetle.
The liquid fire burns you!
The frilled lizard bites you but does no damage.
The bombardier beetle completely misses you.
The frilled lizard barely misses you.
You barely miss the frilled lizard.
Your headbutt misses the frilled lizard.
You hit the bombardier beetle.
You feel better. The liquid fire burns you!
The frilled lizard bites you but does no damage.
The bombardier beetle bites you.
You hit the bombardier beetle but do no damage.
The bombardier beetle is moderately wounded.
You closely miss the frilled lizard. The liquid fire burns you!
The frilled lizard bites you but does no damage.
The bombardier beetle bites you but does no damage.
You hit the bombardier beetle.
You feel better.
Your headbutt misses the bombardier beetle.
The bombardier beetle is moderately wounded.
You closely miss the frilled lizard. The liquid fire burns you!
* * * LOW HITPOINT WARNING * * *
The frilled lizard closely misses you. The frilled lizard bites you.
* * * LOW HITPOINT WARNING * * *
It was a potion of degeneration.
There was something very wrong with that liquid.
You feel weakened.
You feel dopey.
You feel clumsy. The liquid fire burns you!
You die...

#........#
#........# ##
#........# ..
#...>....# #
#........# .##
.........+ ..
##.# #.....)..#
.# ...#
#.....l@B####.#
####
#.............#
#...).........#
######
#.............#
......
#............##
#######
#........#..##
......#
######.....##
.####.#
###.#####
....#.# ###...#


You could see a bombardier beetle and a frilled lizard.

Vanquished Creatures
  An adder (D:2)
  A gnoll (D:2)
  A dart slug (D:2)
  4 ball pythons (D:1)
  2 bats
  2 endoplasms (D:1)
  2 giant cockroaches (D:1)
  7 goblins
  3 hobgoblins
  3 quokkas
  4 frilled lizards
  3 kobolds (D:1)
  5 rats (D:1)
38 creatures vanquished.

Notes
Turn   | Place    | Note
-------+----------+-------------------------------------------
     0 | D:1      | hawla the Minotaur Berserker began the quest for the Orb.
     0 | D:1      | Reached XP level 1. HP: 19/19 MP: 0/0
   289 | D:1      | Reached XP level 2. HP: 22/27 MP: 1/1
  1160 | D:2      | Reached ** piety under Trog
  1161 | D:2      | Reached XP level 3. HP: 33/33 MP: 2/2
  1360 | D:2      | Identified the +8 sling of Loop Zyt {flame, rCorr Dex+3
                  | Stlth+}
  1370 | D:2      | Incinerated by a bombardier beetle

Illustrated notes

Levels and vault maps discovered:
D:1:      dpeg_arrival_arbitrary_b, layout_basic
D:2:      layout_basic, shapermc_ecumenical_altar_ellora,
          uniq_crazy_yiuf_cottage

Skill      XL: |  1  2 |
---------------+-------+-----
Axes           | 4 |  4.4
Fighting       | 4 |  4.0
Armour         | 3 |  3.7
Dodging        | |  2.6

Action                     || total
---------------------------++-------
  Melee: Hand axe          ||    71
         Headbutt          ||    10
         War axe           ||    15
         Punch             ||     1
    Use: Potion            ||     1
 Armour: Animal skin       ||    29
         Plate armour      ||    23
  Dodge: Dodged            ||    62
